TOP OF THE 1ST |
Houston Hammertime batting - Pitching for Gresham Gold Souls : RHP António Benítez
|
Pitching: RHP António Benítez
|
|
Batting: RHB Don Keating
|
0-0: Ball 1-0: Ball 2-0: Ball 3-0: Called Strike 3-1: Fly out, F8 (Line Drive, 8RXD)
|
Batting: LHB José Villegas
|
0-0: SINGLE (Groundball, 34D)
|
Batting: SHB Cristo Ontiveros
|
0-0: Ball 1-0: Ball 2-0: Ball 3-0: Base on Balls José Villegas to second
|
Batting: RHB Mario Beltrán
|
0-0: DOUBLE (Line Drive, 7LD) José Villegas scores Cristo Ontiveros to third
|
Batting: RHB John Pick
|
0-0: Swinging Strike 0-1: Ball 1-1: TRIPLE (Line Drive, 89XD) Cristo Ontiveros scores Mario Beltrán scores
|
Batting: RHB Moo-hyun Pak
|
0-0: Ball 1-0: Called Strike 1-1: Fly out, F9 (Line Drive, 9M) Runner from 3rd tags up, SCORES, no throw
|
Batting: RHB Luis Barzaga
|
0-0: Called Strike 0-1: Ball 1-1: Ground out 5-3 (Groundball, 5S)
|
Top of the 1st over - 4 run(s), 3 hit(s), 0 error(s), 0 left on base; Houston 4 - Gresham 0 |
BOTTOM OF THE 1ST |
Gresham Gold Souls batting - Pitching for Houston Hammertime : LHP Frank Jackson
|
Pitching: LHP Frank Jackson
|
|
Batting: LHB Mike Young
|
0-0: Ground out 6-3 (Groundball, 6)
|
Batting: RHB Carlos García
|
0-0: Foul Ball, location: 2F 0-1: Ball 1-1: Ball 2-1: SINGLE (Groundball, 34)
|
Batting: RHB Lorenzo Morín
|
0-0: SINGLE (Groundball, 34) Carlos García to second Runner from 2nd tries for 3rd, SAFE, no throw or cutoff
|
Batting: RHB Lorenzo Guzmán
|
0-0: Foul Ball, location: 2F 0-1: Ball 1-1: Swinging Strike 1-2: Strikes out swinging
|
Batting: RHB Pablo Lucero
|
0-0: Called Strike 0-1: Ball 1-1: Fly out, F8 (Flyball, 8RXD)
|
Bottom of the 1st over - 0 run(s), 2 hit(s), 0 error(s), 2 left on base; Houston 4 - Gresham 0 |
TOP OF THE 2ND |
Houston Hammertime batting - Pitching for Gresham Gold Souls : RHP António Benítez
|
Batting: LHB Fernando Camacho
|
0-0: Called Strike 0-1: Foul Ball, location: 2F 0-2: Strikes out looking
|
Batting: RHB Aaron Wilson
|
0-0: Called Strike 0-1: Ground out 5-3 (Groundball, 5)
|
Batting: RHB Don Keating
|
0-0: Foul Ball, location: 2F 0-1: Called Strike 0-2: Ball 1-2: Strikes out swinging
|
Top of the 2nd over - 0 run(s), 0 hit(s), 0 error(s), 0 left on base; Houston 4 - Gresham 0 |
BOTTOM OF THE 2ND |
Gresham Gold Souls batting - Pitching for Houston Hammertime : LHP Frank Jackson
|
Batting: SHB Ryu Kichida
|
0-0: Ball 1-0: Ball 2-0: Called Strike 2-1: Foul Ball, location: 2F 2-2: Strikes out swinging
|
Batting: RHB Luke McIndoe
|
0-0: Called Strike 0-1: Ball 1-1: Ball 2-1: Swinging Strike 2-2: Strikes out swinging
|
Batting: RHB Pablo Castillo
|
0-0: SINGLE (Groundball, 6MD)
|
Batting: RHB Steve Field
|
0-0: Ball 1-0: Fly out, F8 (Flyball, 8LXD)
|
Bottom of the 2nd over - 0 run(s), 1 hit(s), 0 error(s), 1 left on base; Houston 4 - Gresham 0 |
TOP OF THE 3RD |
Houston Hammertime batting - Pitching for Gresham Gold Souls : RHP António Benítez
|
Batting: LHB José Villegas
|
0-0: Swinging Strike 0-1: Ball 1-1: Swinging Strike 1-2: Ground out 4-3 (Groundball, 4)
|
Batting: SHB Cristo Ontiveros
|
0-0: Foul Ball, location: 2F 0-1: Ball 1-1: Ball 2-1: Called Strike 2-2: Fly out, F6 (Line Drive, 6)
|
Batting: RHB Mario Beltrán
|
0-0: Fly out, F9 (Flyball, 89M)
|
Top of the 3rd over - 0 run(s), 0 hit(s), 0 error(s), 0 left on base; Houston 4 - Gresham 0 |
BOTTOM OF THE 3RD |
Gresham Gold Souls batting - Pitching for Houston Hammertime : LHP Frank Jackson
|
Batting: LHB Mike Young
|
0-0: Called Strike 0-1: Ball 1-1: Foul Ball, location: 2F 1-2: Ground out 3-1 (Groundball, 34)
|
Batting: RHB Carlos García
|
0-0: Ball 1-0: Ground out 6-3 (Groundball, 6)
|
Batting: RHB Lorenzo Morín
|
0-0: Ball 1-0: Swinging Strike 1-1: Called Strike 1-2: Ball 2-2: SOLO HOME RUN (Flyball, 89XD), Distance : 426 ft
|
Batting: RHB Lorenzo Guzmán
|
0-0: Fly out, F9 (Flyball, 9D)
|
Bottom of the 3rd over - 1 run(s), 1 hit(s), 0 error(s), 0 left on base; Houston 4 - Gresham 1 |
TOP OF THE 4TH |
Houston Hammertime batting - Pitching for Gresham Gold Souls : RHP António Benítez
|
Batting: RHB John Pick
|
0-0: Ball 1-0: Ball 2-0: Ball 3-0: Base on Balls
|
Batting: RHB Moo-hyun Pak
|
0-0: Called Strike 0-1: Called Strike 0-2: Ball 1-2: SINGLE (Groundball, 6MD) John Pick to second Runner from 2nd tries for 3rd, SAFE, no throw or cutoff
|
Batting: RHB Luis Barzaga
|
0-0: Called Strike 0-1: Ball 1-1: Foul Ball, location: 2F 1-2: Ball 2-2: Ball 3-2: SINGLE (Groundball, 5L) John Pick scores Moo-hyun Pak to second
|
Batting: LHB Fernando Camacho
|
0-0: Ball 1-0: Ball 2-0: Called Strike 2-1: Called Strike 2-2: Foul Ball, location: 2F 2-2: Foul Ball, location: 2F 2-2: Ball 3-2: SINGLE (Groundball, 34D) Moo-hyun Pak to third Luis Barzaga to second
|
Batting: RHB Aaron Wilson
|
0-0: Ball 1-0: Ball 2-0: Ball 3-0: Called Strike 3-1: SINGLE (Groundball, 6M) Moo-hyun Pak scores Luis Barzaga to third Fernando Camacho to second Runner from 3rd tries for Home, SAFE, no throw or cutoff
|
Pitching: RHP John Bowden
|
|
Batting: RHB Don Keating
|
0-0: Foul Ball, location: 2F 0-1: Ball 1-1: Fly out, F4 (Popup, 4)
|
Batting: LHB José Villegas
|
0-0: Ball 1-0: Fly out, F7 (Flyball, 7LM)
|
Batting: SHB Cristo Ontiveros
|
0-0: Ball 1-0: Ball 2-0: Called Strike 2-1: SINGLE (Groundball, 6MD) Fernando Camacho to third Aaron Wilson to second Runner from 3rd tries for Home, SAFE, no throw or cutoff
|
Batting: RHB Mario Beltrán
|
0-0: Called Strike 0-1: Fly out, F3 (Popup, 23)
|
Top of the 4th over - 4 run(s), 5 hit(s), 0 error(s), 2 left on base; Houston 8 - Gresham 1 |
BOTTOM OF THE 4TH |
Gresham Gold Souls batting - Pitching for Houston Hammertime : LHP Frank Jackson
|
Batting: RHB Pablo Lucero
|
0-0: Called Strike 0-1: Ball 1-1: Ball 2-1: Ball 3-1: Called Strike 3-2: Base on Balls
|
Batting: SHB Ryu Kichida
|
0-0: Ball 1-0: Foul Ball, location: 2F 1-1: Foul Ball, location: 2F 1-2: Strikes out swinging
|
Batting: RHB Luke McIndoe
|
0-0: Ball 1-0: Foul Ball, location: 2F 1-1: Ball 2-1: Swinging Strike 2-2: Ball 3-2: Strikes out swinging Pablo Lucero steals 2nd base Batter strikes out.
|
Batting: RHB Pablo Castillo
|
0-0: Ball 1-0: Foul Ball, location: 2F 1-1: Foul Ball, location: 2F 1-2: SINGLE (Groundball, 56D) Pablo Lucero to third
|
Batting: RHB Steve Field
|
0-0: Called Strike 0-1: Ball 1-1: Ground out 5-3 (Groundball, 5S)
|
Bottom of the 4th over - 0 run(s), 1 hit(s), 0 error(s), 2 left on base; Houston 8 - Gresham 1 |
TOP OF THE 5TH |
Houston Hammertime batting - Pitching for Gresham Gold Souls : RHP John Bowden
|
Batting: RHB John Pick
|
0-0: SINGLE (Line Drive, 8LS)
|
Batting: RHB Moo-hyun Pak
|
0-0: Called Strike 0-1: Ball 1-1: Ball 2-1: Ball 3-1: Base on Balls John Pick to second
|
Batting: RHB Luis Barzaga
|
0-0: Ball 1-0: Foul Ball, location: 2F 1-1: Fly out, F4 (Line Drive, 4) 1-1: Lined into DP, 4-6 (Line Drive, 4)
|
Batting: LHB Fernando Camacho
|
0-0: Called Strike 0-1: Ball 1-1: Ball 2-1: Ball 3-1: Base on Balls Moo-hyun Pak to second
|
Batting: RHB Aaron Wilson
|
0-0: Fly out, F7 (Flyball, 7D)
|
Top of the 5th over - 0 run(s), 1 hit(s), 0 error(s), 2 left on base; Houston 8 - Gresham 1 |
BOTTOM OF THE 5TH |
Gresham Gold Souls batting - Pitching for Houston Hammertime : LHP Frank Jackson
|
Batting: LHB Mike Young
|
0-0: Ball 1-0: Called Strike 1-1: Ball 2-1: Ball 3-1: Foul Ball, location: 2F 3-2: Ground out 6-3 (Groundball, 6)
|
Batting: RHB Carlos García
|
0-0: Called Strike 0-1: Called Strike 0-2: Ball 1-2: Fly out, F7 (Flyball, 78XD)
|
Batting: RHB Lorenzo Morín
|
0-0: Called Strike 0-1: Ground out 6-3 (Groundball, 6)
|
Bottom of the 5th over - 0 run(s), 0 hit(s), 0 error(s), 0 left on base; Houston 8 - Gresham 1 |
TOP OF THE 6TH |
Houston Hammertime batting - Pitching for Gresham Gold Souls : RHP John Bowden
|
Batting: RHB Don Keating
|
0-0: Ball 1-0: Swinging Strike 1-1: Called Strike 1-2: Ball 2-2: Fly out, F3 (Popup, 3DF)
|
Batting: LHB José Villegas
|
0-0: Ball 1-0: Foul Ball, location: 2F 1-1: Ground out 1-3 (Groundball, 13S)
|
Batting: SHB Cristo Ontiveros
|
0-0: Ball 1-0: Foul Ball, location: 2F 1-1: Foul Ball, location: 2F 1-2: Foul Ball, location: 2F 1-2: Ball 2-2: Ball 3-2: Foul Ball, location: 2F 3-2: Foul Ball, location: 2F 3-2: Fly out, F7 (Flyball, 7LMF)
|
Top of the 6th over - 0 run(s), 0 hit(s), 0 error(s), 0 left on base; Houston 8 - Gresham 1 |
BOTTOM OF THE 6TH |
Gresham Gold Souls batting - Pitching for Houston Hammertime : LHP Frank Jackson
|
Batting: RHB Lorenzo Guzmán
|
0-0: Fly out, F7 (Flyball, 7M)
|
Batting: RHB Pablo Lucero
|
0-0: Ball 1-0: Swinging Strike 1-1: Ball 2-1: Ball 3-1: Swinging Strike 3-2: Base on Balls
|
Batting: SHB Ryu Kichida
|
0-0: Ball 1-0: Ball 2-0: Ball 3-0: Called Strike 3-1: Base on Balls Pablo Lucero to second
|
Batting: RHB Luke McIndoe
|
0-0: Called Strike 0-1: Foul Ball, location: 2F 0-2: Ball 1-2: Ball 2-2: Ball 3-2: Foul Ball, location: 2F 3-2: Foul Ball, location: 2F 3-2: Fly out, F5 (Popup, 5F)
|
Batting: RHB Pablo Castillo
|
0-0: Called Strike 0-1: Foul Ball, location: 2F 0-2: Strikes out swinging
|
Bottom of the 6th over - 0 run(s), 0 hit(s), 0 error(s), 2 left on base; Houston 8 - Gresham 1 |
TOP OF THE 7TH |
Houston Hammertime batting - Pitching for Gresham Gold Souls : RHP John Bowden
|
Pitching: RHP Ricky Gutiérrez
|
|
Batting: RHB Mario Beltrán
|
0-0: Ball 1-0: Foul Ball, location: 2F 1-1: Fly out, F7 (Flyball, 7S)
|
Batting: RHB John Pick
|
0-0: Called Strike 0-1: Called Strike 0-2: Strikes out looking
|
Batting: RHB Moo-hyun Pak
|
0-0: Ball 1-0: Ball 2-0: Called Strike 2-1: Swinging Strike 2-2: Foul Ball, location: 2F 2-2: Strikes out looking
|
Top of the 7th over - 0 run(s), 0 hit(s), 0 error(s), 0 left on base; Houston 8 - Gresham 1 |
BOTTOM OF THE 7TH |
Gresham Gold Souls batting - Pitching for Houston Hammertime : LHP Frank Jackson
|
Pitching: LHP Dan Snyder
|
|
Batting: RHB Steve Field
|
0-0: Ball 1-0: Ball 2-0: Fly out, F6 (Popup, 8RS)
|
Batting: LHB Mike Young
|
0-0: Swinging Strike 0-1: Ball 1-1: Called Strike 1-2: Ball 2-2: SINGLE (Line Drive, 78S)
|
Batting: RHB Carlos García
|
0-0: Ball 1-0: Ball 2-0: Called Strike 2-1: DOUBLE (Line Drive, 9LS) Mike Young to third
|
Batting: RHB Lorenzo Morín
|
0-0: Ball 1-0: Ball 2-0: Foul Ball, location: 2F 2-1: Foul Ball, location: 2F 2-2: Ball 3-2: Foul Ball, location: 2F 3-2: Strikes out swinging
|
Batting: RHB Lorenzo Guzmán
|
0-0: Swinging Strike 0-1: Foul Ball, location: 2F 0-2: Strikes out looking
|
Bottom of the 7th over - 0 run(s), 2 hit(s), 0 error(s), 2 left on base; Houston 8 - Gresham 1 |
TOP OF THE 8TH |
Houston Hammertime batting - Pitching for Gresham Gold Souls : RHP Ricky Gutiérrez
|
Batting: RHB Luis Barzaga
|
0-0: TRIPLE (Line Drive, 78S)
|
Batting: LHB Fernando Camacho
|
0-0: Ball 1-0: Called Strike 1-1: Swinging Strike 1-2: Strikes out looking
|
Batting: RHB Aaron Wilson
|
0-0: Called Strike 0-1: Ball 1-1: Foul Ball, location: 2F 1-2: SINGLE (Line Drive, 9S) Luis Barzaga scores
|
Batting: RHB Don Keating
|
0-0: Ball 1-0: Ball 2-0: Swinging Strike 2-1: Fielders Choice at 2nd, 4-6 (Groundball, 34)
|
Batting: LHB José Villegas
|
0-0: Called Strike 0-1: Called Strike 0-2: Ball Don Keating steals 2nd base 1-2: Foul Ball, location: 2F 1-2: Foul Ball, location: 2F 1-2: Ball 2-2: Ball 3-2: Foul Ball, location: 2F 3-2: Foul Ball, location: 2F 3-2: SINGLE (Line Drive, 3D) Don Keating to third Don Keating scores
|
Batting: SHB Cristo Ontiveros
|
0-0: Swinging Strike 0-1: Foul Ball, location: 2F 0-2: Fly out, F9 (Flyball, 89D)
|
Top of the 8th over - 2 run(s), 3 hit(s), 0 error(s), 1 left on base; Houston 10 - Gresham 1 |
BOTTOM OF THE 8TH |
Gresham Gold Souls batting - Pitching for Houston Hammertime : LHP Dan Snyder
|
Batting: RHB Pablo Lucero
|
0-0: Called Strike 0-1: Ball 1-1: DOUBLE (Flyball, 8LXD)
|
Batting: SHB Ryu Kichida
|
0-0: Ball 1-0: SINGLE (Line Drive, 56) Pablo Lucero to third Runner from 3rd tries for Home, SAFE, no throw or cutoff
|
Batting: RHB Luke McIndoe
|
0-0: Ball 1-0: Swinging Strike 1-1: Grounds into double play, 6-4-3 (Groundball, 6M)
|
Batting: RHB Pablo Castillo
|
0-0: Foul Ball, location: 2F 0-1: Ground out 5-3 (Groundball, 56)
|
Bottom of the 8th over - 1 run(s), 2 hit(s), 0 error(s), 0 left on base; Houston 10 - Gresham 2 |
TOP OF THE 9TH |
Houston Hammertime batting - Pitching for Gresham Gold Souls : RHP Ricky Gutiérrez
|
Pitching: LHP Pepe Caro
|
|
Batting: RHB Mario Beltrán
|
0-0: SOLO HOME RUN (Flyball, 78XD), Distance : 412 ft
|
Batting: RHB John Pick
|
0-0: Ball 1-0: Ball 2-0: Foul Ball, location: 2F 2-1: Ball 3-1: Fly out, F9 (Flyball, 9S)
|
Batting: RHB Moo-hyun Pak
|
0-0: SINGLE (Groundball, 34)
|
Batting: RHB Luis Barzaga
|
0-0: Called Strike 0-1: Ball 1-1: Foul Ball, location: 2F 1-2: Foul Ball, location: 2F 1-2: Strikes out swinging
|
Batting: LHB Fernando Camacho
|
0-0: SINGLE (Groundball, 5D) Moo-hyun Pak to second
|
Batting: RHB Aaron Wilson
|
0-0: Called Strike 0-1: Ground out 4-3 (Groundball, 4)
|
Top of the 9th over - 1 run(s), 3 hit(s), 0 error(s), 2 left on base; Houston 11 - Gresham 2 |
BOTTOM OF THE 9TH |
Gresham Gold Souls batting - Pitching for Houston Hammertime : LHP Dan Snyder
|
Batting: RHB Steve Field
|
0-0: Ball 1-0: SINGLE (Line Drive, 34D)
|
Batting: LHB Mike Young
|
0-0: Swinging Strike 0-1: SINGLE (Groundball, 4MD) Steve Field to second
|
Batting: RHB Carlos García
|
0-0: Ball 1-0: Ball 2-0: Called Strike 2-1: Grounds into double play, 5-4-3 (Groundball, 5) Steve Field to third
|
Batting: RHB Lorenzo Morín
|
0-0: Ball 1-0: Called Strike 1-1: Fly out, F3 (Popup, 3F)
|
Bottom of the 9th over - 0 run(s), 2 hit(s), 0 error(s), 1 left on base; Houston 11 - Gresham 2 |
|